 Dungeon Sprint DCSS version 0.21-a0-273-g0785366 (webtiles) character file.

5801 Kidiri the Eclecticist (level 10, -2/66 HPs)
             Began as a Deep Elf Fire Elementalist on Sept 17, 2017.
             Was the Champion of Vehumet.
             Slain by a spiny frog (25 damage)
             ... in the Dungeon (Sprint III: "The Ten Rune Challenge").
             The game lasted 00:14:08 (2226 turns).

Kidiri the Eclecticist (Deep Elf Fire Elementalist) Turns: 2226, Time: 00:14:08

Health: -2/66      AC:  2    Str:  7    XL:     10   Next: 50%
Magic:  22/32      EV: 18    Int: 24    God:    Vehumet [******]
Gold:   34         SH:  0    Dex: 15    Spells: 20/41 levels left

rFire    . . .     SeeInvis .   e - +6 dagger (speed)
rCold    . . .     Gourm    .   (no shield)
rNeg     . . .     Faith    .   a - +0 robe
rPois    .         Spirit   .   (helmet restricted)
rElec    .         Reflect  .   (no cloak)
rCorr    .         Harm     .   (no gloves)
MR       +....     NoTele   +   (no boots)
Stlth    +.........             (no amulet)
HPRegen  0.21/turn              (no ring)
MPRegen  0.23/turn              (no ring)

@: lethally poisoned (-2 -> -10), very slow
A: hooves 1, horns 1, deterioration 1, robust 1, strong 1
a: Renounce Religion


You were in the Dungeon.
You worshipped Vehumet.
Vehumet was exalted by your worship.
You were not hungry.

You visited 1 branch You collected 34 gold pieces.

Inventory:

Hand Weapons
 e - a +6 dagger of speed (weapon)
Armour
 a - a +0 robe (worn)
Scrolls
 i - a scroll of blinking
 j - a scroll of random uselessness {unknown}
 m - a scroll of torment {unknown}
 o - 3 scrolls of remove curse
 q - a scroll of holy word {unknown}
 r - a scroll of enchant armour {unknown}
Potions
 d - 2 potions of curing
 f - a potion of haste
 h - 2 potions of berserk rage
 p - 2 potions of flight {unknown}
Comestibles
 c - 2 bread rations
 k - 25 royal jellies


   Skills:
 + Level 6.2 Fighting
 + Level 7.2 Short Blades
 + Level 6.1 Armour
 + Level 9.0 Dodging
 - Level 2.4 Stealth
 * Level 16.0 Spellcasting
 + Level 10.1 Conjurations
 + Level 10.4 Fire Magic
 + Level 7.3 Air Magic
 + Level 7.9 Poison Magic


You had 20 spell levels left.
You knew the following spells:

 Your Spells              Type           Power        Failure   Level  Hunger
a - Flame Tongue          Conj/Fire      #####        1%          1    None
b - Throw Flame           Conj/Fire      ######       1%          2    None
c - Conjure Flame         Conj/Fire      ######..     1%          3    None
d - Inner Flame           Hex/Fire       #####...     1%          3    None
e - Sticky Flame          Conj/Fire      ######..     1%          4    None
f - Fireball              Conj/Fire      ######....   1%          5    #......
g - Mephitic Cloud        Conj/Pois/Air  ######..     1%          3    None


Dungeon Overview and Level Annotations

Branches:
Dungeon (1/1)

Altars:
Cheibriados
Dithmenos
Elyvilon
Fedhas
Gozag
Hepliaklqana
Kikubaaqudgha
Makhleb
Nemelex Xobeh
Okawaru
Qazlal
Ru
Sif Muna
Trog
Uskayaw
Vehumet
Wu Jian
Xom
Yredelemnul
Zin
The Shining One
Beogh
Jiyva
Lugonu

Annotations:
D exclusion: 2 doors


Innate Abilities, Weirdness & Mutations

You have large cloven feet.
You have a pair of small horns on your head.
Your body sometimes deteriorates upon taking damage.
You are robust. (+10% HP)
Your muscles are strong. (Str +2)


Message History

Unknown command.
Casting: Sticky Flame
Confirm with . or Enter, or press ? or * to list all spells.
Aiming: Sticky Flame
Press: ? - help, Shift-Dir - straight line, f - spiny frog
Aim: a spiny frog The sticky flame hits the spiny frog.
The spiny frog is lightly wounded.
The spiny frog is covered in liquid flames!
You feel sick.
The spiny frog burns!
The spiny frog stings you!
Unknown command.
Casting: Sticky Flame
Confirm with . or Enter, or press ? or * to list all spells.
Aiming: Flame Tongue
Press: ? - help, Shift-Dir - straight line, f/p - spiny frog
Aim: a spiny frog (lightly wounded, covered in liquid flames)
The flame tongue hits the spiny frog.
The spiny frog is heavily wounded.
You feel sick.
The spiny frog burns!
The spiny frog stings you!!
You die...

..###...+.⌠........#
.####..E#...######'#
.###....#.⌠.#__#...#+############
.##.....#...#__#.).#..§§≈'.#.'...
.#......#+###__#...#.#§§§#.#.#...
#.#.....#.:.#__#...'.#§§.#.#.#.).
####....#___#__+...#.#§..#...#...
▓▓▓▓▓▓▓▓▓▓▓▓▓▓▓▓▓▓▓▓▓▓▓▓▓▓▓▓▓▓
♣@≈≈........≈≈≈...
♣F♣≈≈≈≈≈≈≈≈≈≈≈≈♣♣P.
.l♣♣♣♣♣♣♣♣♣♣♣♣♣♣♣♣PP #.. ♣♣♣ ##


You could see a komodo dragon and a spiny frog (burning).

Vanquished Creatures
  Josephine (D)
  A centaur warrior (D)
  An unseen horror (D)
  A deep elf mage (D)
  A spiny frog (D)
  3 wandering mushrooms (D)
  A queen bee (D)
  A shadow (D)
  A spatial vortex (D)
  A necrophage (D)
  2 centaurs (D)
  A water elemental (D)
  31 killer bees (D)
  A jelly (D)
  A wizard (D)
  Jessica (D)
  A necromancer (D)
  3 humans (D)
  A kobold demonologist (D)
  2 oozes (D)
  A phantom (D)
  A rat (D)
58 creatures vanquished.

Vanquished Creatures (others)
  2 draconian scorchers (D)
  6 hellions (D)
  2 yaktaurs (D)
  A killer bee (D)
11 creatures vanquished.

Grand Total: 69 creatures vanquished

Notes
Turn   | Place    | Note
-------+----------+-------------------------------------------
     0 | D        | Kidiri the Deep Elf Fire Elementalist began the quest for the Orb.
     0 | D        | Reached XP level 1. HP: 10/10 MP: 6/6
     9 | D        | Reached skill level 4 in Spellcasting
    51 | D        | Reached XP level 2. HP: 8/15 MP: 4/9
    55 | D        | Learned a level 2 spell: Throw Flame
   122 | D        | Killed a hellion
   129 | D        | Killed a hellion
   135 | D        | Killed a hellion
   135 | D        | Killed a hellion
   136 | D        | Killed a hellion
   143 | D        | Noticed Jessica
   148 | D        | Killed Jessica
   148 | D        | Reached skill level 6 in Spellcasting
   148 | D        | Reached XP level 3. HP: 2/19 MP: 4/13
   150 | D        | Killed a hellion
   153 | D        | Learned a level 3 spell: Conjure Flame
   157 | D        | Learned a level 3 spell: Inner Flame
   194 | D        | Killed a white draconian scorcher
   203 | D        | Killed a white draconian scorcher
   461 | D        | Reached skill level 7 in Spellcasting
   461 | D        | Reached skill level 5 in Fire Magic
   468 | D        | Killed a yaktaur
   484 | D        | Gained mutation: You are robust. (+10% HP) [potion of mutation]
   484 | D        | Gained mutation: You are somewhat resistant to further mutation. [potion of mutation]
   485 | D        | Lost mutation: You are somewhat resistant to further mutation. [potion of mutation]
   485 | D        | Gained mutation: You have a pair of small horns on your head. [potion of mutation]
   485 | D        | Gained mutation: Your muscles are strong. (Str +2) [potion of mutation]
   485 | D        | Gained mutation: Your body sometimes deteriorates upon taking damage. [potion of mutation]
   485 | D        | Gained mutation: You have large cloven feet. [potion of mutation]
   611 | D        | Noticed a water elemental
   614 | D        | Killed a water elemental
   614 | D        | Reached skill level 9 in Spellcasting
   614 | D        | Reached skill level 5 in Conjurations
   614 | D        | Reached XP level 4. HP: 26/26 MP: 11/17
   620 | D        | Learned a level 4 spell: Sticky Flame
   652 | D        | Found a radiant altar of Vehumet.
   653 | D        | Found a deep blue altar of Sif Muna.
   653 | D        | Found an ancient bone altar of Kikubaaqudgha.
   653 | D        | Noticed a wizard
   656 | D        | Killed a wizard
   656 | D        | Reached XP level 5. HP: 29/30 MP: 10/19
   656 | D        | Reached skill level 10 in Spellcasting
   670 | D        | Learned a level 5 spell: Fireball
   677 | D        | Learned a level 3 spell: Mephitic Cloud
   711 | D        | Found a glowing silver altar of Zin.
   712 | D        | Found a glowing golden altar of the Shining One.
   712 | D        | Found a white marble altar of Elyvilon.
   712 | D        | Noticed a deep elf mage
   724 | D        | Noticed a human
   726 | D        | Noticed a human
   726 | D        | Killed a deep elf mage
   726 | D        | Reached skill level 11 in Spellcasting
   726 | D        | Reached XP level 6. HP: 31/39 MP: 9/22
   726 | D        | Reached XP level 7. HP: 35/44 MP: 9/24
   732 | D        | Killed a human
   732 | D        | Reached skill level 5 in Dodging
   732 | D        | Reached skill level 12 in Spellcasting
   746 | D        | Killed a human
   754 | D        | Found a roughly hewn altar of Beogh.
   754 | D        | Found a hide-covered altar of Uskayaw.
   755 | D        | Found an ornate altar of the Wu Jian Council.
   755 | D        | Found a bloodstained altar of Trog.
   757 | D        | Found an iron altar of Okawaru.
   957 | D        | Found a basalt altar of Yredelemnul.
   957 | D        | Found a shadowy altar of Dithmenos.
   957 | D        | Found a sacrificial altar of Ru.
  1021 | D        | Noticed a shadow
  1026 | D        | Killed a shadow
  1026 | D        | Reached XP level 8. HP: 49/49 MP: 17/26
  1079 | D        | Found a blossoming altar of Fedhas.
  1079 | D        | Found a stormy altar of Qazlal.
  1079 | D        | Found a snail-covered altar of Cheibriados.
  1079 | D        | Found a burning altar of Makhleb.
  1079 | D        | Found a shimmering altar of Xom.
  1080 | D        | Found a hazy altar of Hepliaklqana.
  1080 | D        | Found an opulent altar of Gozag.
  1080 | D        | Found a sparkling altar of Nemelex Xobeh.
  1080 | D        | Found a corrupted altar of Lugonu.
  1080 | D        | Found a viscous altar of Jiyva.
  1100 | D        | Reached skill level 13 in Spellcasting
  1100 | D        | Reached skill level 5 in Poison Magic
  1148 | D        | Killed a yaktaur
  1191 | D        | Noticed Josephine
  1220 | D        | Killed Josephine
  1220 | D        | Reached skill level 5 in Short Blades
  1220 | D        | Reached skill level 5 in Air Magic
  1220 | D        | Reached XP level 9. HP: 27/57 MP: 4/28
  1585 | D        | Noticed a centaur warrior
  1587 | D        | Reached skill level 14 in Spellcasting
  1600 | D        | Killed a centaur warrior
  1600 | D        | Reached skill level 5 in Fighting
  1600 | D        | Reached skill level 5 in Armour
  1694 | D        | Noticed an unseen horror
  1702 | D        | Killed an unseen horror
  1818 | D        | Became a worshipper of Vehumet
  1955 | D        | Noticed a queen bee
  1977 | D        | Killed a queen bee
  1977 | D        | Reached * piety under Vehumet
  1977 | D        | Offered knowledge of Shock by Vehumet.
  1977 | D        | Reached ** piety under Vehumet
  1977 | D        | Reached skill level 15 in Spellcasting
  1977 | D        | Reached XP level 10. HP: 58/64 MP: 11/31
  1988 | D        | Reached *** piety under Vehumet
  1988 | D        | Reached **** piety under Vehumet
  1993 | D        | Reached skill level 10 in Fire Magic
  1993 | D        | Reached ***** piety under Vehumet
  2000 | D        | Reached ****** piety under Vehumet
  2097 | D        | Reached skill level 10 in Conjurations
  2163 | D        | Offered knowledge of Sting by Vehumet.
  2221 | D        | Noticed a spiny frog
  2221 | D        | Noticed a spiny frog
  2224 | D        | Killed a spiny frog
  2224 | D        | Reached skill level 16 in Spellcasting
  2226 | D        | Slain by a spiny frog

Vault maps used:
D:        dungeon_sprint_mu

Skill      XL: |  1  2  3  4  5  6  7  8  9 10 |
---------------+-------------------------------+-----
Spellcasting   | 4 6 9 11 12 13 15 16 | 16.0
Conjurations   | 2 3 5 6 7 8 9 10 | 10.1
Fire Magic     | 4 6 7 8 9 10 | 10.4
Fighting       | 2 3 4 5 6 |  6.2
Short Blades   | 3 4 5 6 7 |  7.2
Armour         | 2 3 4 5 6 |  6.1
Dodging        | 4 5 7 8 9 |  9.0
Air Magic      | 3 4 5 6 7 |  7.3
Poison Magic   | 3 4 6 7 |  7.9
Stealth        | |  2.4

Action                   |  1- 3 |  4- 6 |  7- 9 | 10-12 || total
-------------------------+-------+-------+-------+-------++-------
Melee: Unarmed           |     1 |       |       |       ||     1
       Dagger            |       |       |    11 |       ||    11
       Kick              |       |       |     2 |       ||     2
 Cast: Flame Tongue      |    16 |       |    56 |    43 ||   115
       Throw Flame       |     2 |     1 |       |       ||     3
       Conjure Flame     |     1 |     1 |     3 |       ||     5
       Sticky Flame      |       |     3 |     7 |     2 ||    12
       Mephitic Cloud    |       |     1 |     5 |       ||     6
       Inner Flame       |       |       |     4 |     7 ||    11
       Fireball          |       |       |     3 |     1 ||     4
  Use: Potion            |     2 |     1 |     3 |     1 ||     7
       Scroll            |     2 |       |       |       ||     2
 Stab: Confused          |       |       |     1 |       ||     1
       Sleeping          |       |       |     1 |       ||     1
  Eat: Chunk             |       |       |     3 |       ||     3
       Fruit             |       |       |       |     3 ||     3
Dodge: Dodged            |     1 |     2 |     7 |     2 ||    12

Table legend:
 A = Spawn XP
 B = Non-spawn XP
 C = Spawn XP percentage of total XP
 D = Spawn monster count
 E = Non-spawn monster count
 F = Spawn count percentage of total count
 G = Total turns spent on level
                    A         B        C        D         E        F      G
               +---------+---------+-------+---------+---------+-------+---------
         Total |       0 |    8288 |   0.0 |       0 |      59 |   0.0 |  2226
               +---------+---------+-------+---------+---------+-------+---------
             D |       0 |    8288 |   0.0 |       0 |      59 |   0.0 |  2226
               +---------+---------+-------+---------+---------+-------+---------
